 Dungeon Crawl Stone Soup version 0.27-a0-1555-g0e7b3fb1d2 (webtiles) character file.

Game seed: 13905284584717275225

8670 Xenoroth the Warrior (level 11, -10/202 HPs)
             Began as an Ogre Berserker on July 15, 2021.
             Was a High Priest of Trog.
             Mangled by a tengu conjurer simulacrum (18 damage)
             ... animated by a necromancer
             ... on level 10 of the Dungeon.
             The game lasted 00:11:15 (13580 turns).

Xenoroth the Warrior (Ogre Berserker)              Turns: 13580, Time: 00:11:16

Health: -10/202    AC:  6    Str: 26    XL:     11   Next: 34%
Magic:  11/11      EV: 12    Int:  8    God:    Trog [*****.]
Gold:   685        SH:  0    Dex: 14    Spells: 10/10 levels left

rFire    . . .     SeeInvis .   o - +0 giant club
rCold    . . .     Faith    .   (shield currently unavailable)
rNeg     . . .     Spirit   .   t - +0 steam dragon scales
rPois    .         Reflect  .   (helmet restricted)
rElec    .         Harm     .   (no cloak)
rCorr    .         Rampage  .   (gloves unavailable)
Will     +....                  (boots unavailable)
Stlth    ..........             (no amulet)
HPRegen  0.43/turn              w - +4 ring of slaying
MPRegen  0.12/turn              v - +6 ring of dexterity

@: berserking, very quick
A: large, unfitting armour, tough skin 1
a: Renounce Religion, Berserk, Trog's Hand, Brothers in Arms


You were on level 10 of the Dungeon.
You worshipped Trog.
Trog was extremely pleased with you.
You visited 1 branch of the dungeon, and saw 10 of its levels.

You collected 685 gold pieces.

Inventory:

Hand Weapons
 o - a +0 giant club (weapon)
Missiles
 j - 3 atropa-tipped darts
 p - a throwing net
 u - 2 curare-tipped darts
Armour
 t - +0 steam dragon scales (worn)
Jewellery
 c - a ring of protection from cold
 q - a ring of willpower
 v - a +6 ring of dexterity (right hand)
 w - a +4 ring of slaying (left hand)
Wands
 f - a wand of digging (5)
 s - a wand of paralysis (6)
Scrolls
 d - 2 scrolls of fog
 g - a scroll of identify
 k - 4 scrolls of enchant armour
 n - a scroll of silence
 r - a scroll of blinking
Potions
 a - 2 potions of magic
 b - a potion of cancellation
 e - a potion of resistance
 h - a potion of ambrosia
 i - 6 potions of curing
 l - 3 potions of heal wounds
 m - a potion of might
 x - 2 potions of haste


   Skills:
 + Level 15.7 Fighting
 * Level 9.7 Maces & Flails
 + Level 6.6 Dodging


You had 10 spell levels left.
You didn't know any spells.
Your spell library was empty.

Dungeon Overview and Level Annotations

Branches:
Dungeon (10/15)            Temple (0/1) D:6            Lair (0/6) D:10
    Orc: D:9-12

Altars:
Cheibriados
Dithmenos
Elyvilon
Fedhas
Kikubaaqudgha
Makhleb
Qazlal
Ru
Sif Muna
Trog
Vehumet
Wu Jian
Yredelemnul

Annotations:
D:10 1 runed translucent door, micdi's ghost, novice DEAE


Innate Abilities, Weirdness & Mutations

You are too large for most types of armour.
You have tough skin. (AC +1)


Message History

The necromancer is heavily wounded.
The tarantella simulacrum bites you. The tarantella simulacrum freezes you!
* * * LOW HITPOINT WARNING * * *
Micdi's ghost closely misses you.
The tengu conjurer simulacrum hits you but does no damage.
The tengu conjurer simulacrum pecks you but does no damage.
The tengu conjurer simulacrum misses you.
The necromancer hits you with a +0 dagger.
* * * LOW HITPOINT WARNING * * *
You barely miss the necromancer.
The necromancer is heavily wounded.
The tarantella simulacrum barely misses you.
Micdi's ghost barely misses you.
The tengu conjurer simulacrum closely misses you.
The tengu conjurer simulacrum barely misses you. x2
Unknown command.
You closely miss the necromancer.
The necromancer is heavily wounded.
The necromancer hits you with a +0 dagger.
* * * LOW HITPOINT WARNING * * *
The tarantella simulacrum closely misses you.
Unknown command.
You bludgeon the necromancer!!
You kill the necromancer!
Trog accepts your kill.
Trog appreciates your killing of a magic user.
Micdi's ghost hits you.
* * * LOW HITPOINT WARNING * * *
You are electrocuted!
* * * LOW HITPOINT WARNING * * *
The tarantella simulacrum bites you but does no damage.
The tengu conjurer simulacrum hits you.
* * * LOW HITPOINT WARNING * * *
The tengu conjurer simulacrum freezes you!!
* * * LOW HITPOINT WARNING * * *
The tengu conjurer simulacrum pecks you but does no damage.
The tengu conjurer simulacrum claws you.
* * * LOW HITPOINT WARNING * * *
The tengu conjurer simulacrum freezes you!!
You die...

#...#.......#...#.............
#...#.......#...#..........###
#...#.......#...#..........#.#
#...'.......#..(############..
#...#.....###.................
#...#.....#...........########
#...#.....#....#########...[.'
#...#.....#.Z###...Z...#.....#
#...'.....#..@VZ(♣..##.##....#
#...#...###.Z#W♣....8#.Z##....
#...#####....#####....$..##.##
###.>............##.8#####..#
#............⌠..#L..8#....#
#......###.....##.8#####.##
#......#...#####....}$.###
#......#...#.L....8#..[#
#....#'#...+.♣..♣#######


You could see a lich, a vampire, a +3 dire flail of holy wrath, micdi's ghost, a
tarantella simulacrum, 2 centaur warrior simulacra and a tengu conjurer
simulacrum.

Vanquished Creatures
  A necromancer (D:10)
  4 centaur zombies
  A gargoyle (D:10)
  The ghost of mora the Grave Robber, a novice DsNe (D:5)
  Maggie (D:9)
  An unseen horror (D:10)
  A komodo dragon (D:10)
  A tengu conjurer (D:10)
  A queen bee (shapeshifter) (D:10)
  3 trolls
  Grinder (D:4)
  A tarantella (shapeshifter) (D:10)
  A wraith (D:8)
  13 yaks
  2 water moccasins
  2 orc warriors
  2 black bears (D:5)
  A necrophage (D:4)
  2 sky beasts
  5 centaurs
  An ogre (D:5)
  A phantom (D:5)
  A kobold brigand (D:7)
  A bullfrog (D:7)
  A gnoll sergeant (D:9)
  3 scorpions
  A water moccasin skeleton (D:5)
  11 killer bees
  2 howler monkeys
  A crimson imp (D:5)
  6 hounds
  A jelly (D:5)
  An orc priest (D:7)
  4 iguanas
  2 orc wizards
  A killer bee zombie (D:6)
  A hound zombie (D:5)
  A howler monkey zombie (D:6)
  14 adders
  4 gnolls (D:9)
  A shadow imp (D:5)
  3 white imps
  2 worms
  3 dart slugs
  16 orcs
  3 endoplasms
  2 giant cockroaches
  7 goblins
  9 hobgoblins
  6 jackals
  4 quokkas
  8 ball pythons
  5 bats
  2 frilled lizards
  13 kobolds
  A rat (D:3)
188 creatures vanquished.

Vanquished Creatures (others)
  30 plants (D:10)
30 creatures vanquished.

Grand Total: 218 creatures vanquished

Notes
Turn   | Place    | Note
-------+----------+-------------------------------------------
     0 | D:1      | Xenoroth the Ogre Berserker began the quest for the Orb.
     0 | D:1      | Reached XP level 1. HP: 24/24 MP: 1/1
   227 | D:1      | Reached XP level 2. HP: 29/33 MP: 2/2
  1071 | D:2      | Reached skill level 5 in Fighting
  1097 | D:2      | Found a faded altar of an unknown god.
  1108 | D:2      | Reached XP level 3. HP: 42/42 MP: 3/3
  1857 | D:2      | Reached XP level 4. HP: 47/52 MP: 4/4
  1860 | D:2      | Reached ** piety under Trog
  2120 | D:3      | Reached skill level 6 in Fighting
  2711 | D:3      | Reached XP level 5. HP: 58/61 MP: 5/5
  3233 | D:4      | Reached skill level 7 in Fighting
  3381 | D:4      | Found a shimmering blue altar of Sif Muna.
  3381 | D:4      | Found an ancient bone altar of Kikubaaqudgha.
  3381 | D:4      | Found a sacrificial altar of Ru.
  3613 | D:4      | Noticed Grinder
  3618 | D:4      | Killed Grinder
  3619 | D:4      | Reached skill level 8 in Fighting
  3619 | D:4      | Reached XP level 6. HP: 74/74 MP: 6/6
  3652 | D:4      | You fall into a shaft and drop 3 floors!
  3652 | D:7      | Noticed a troll
  3659 | D:7      | Killed a troll
  3660 | D:7      | Reached skill level 9 in Fighting
  3660 | D:7      | Reached XP level 7. HP: 83/83 MP: 7/7
  3815 | D:7      | Reached skill level 5 in Maces & Flails
  3967 | D:7      | Found a snail-covered altar of Cheibriados.
  4176 | D:7      | Reached skill level 10 in Fighting
  4176 | D:7      | Reached XP level 8. HP: 76/93 MP: 8/8
  4290 | D:7      | Reached *** piety under Trog
  4602 | D:7      | Reached skill level 11 in Fighting
  5114 | D:6      | Reached skill level 12 in Fighting
  5120 | D:6      | Reached XP level 9. HP: 89/106 MP: 9/9
  5195 | D:6      | Found a staircase to the Ecumenical Temple.
  6061 | D:5      | Entered Level 5 of the Dungeon
  6812 | D:5      | Reached skill level 13 in Fighting
  6864 | D:5      | Found a radiant altar of Vehumet.
  6864 | D:5      | Found a burning altar of Makhleb.
  6995 | D:5      | Found a transporter.
  6996 | D:5      | Noticed mora's ghost (novice DsNe)
  6996 | D:5      | Noticed a troll
  6997 | D:5      | Found a transporter.
  7410 | D:5      | Killed a troll
  7410 | D:5      | Reached **** piety under Trog
  7414 | D:5      | Killed mora's ghost
  7870 | D:5      | Reached XP level 10. HP: 120/120 MP: 10/10
  8051 | D:5      | Reached skill level 14 in Fighting
  9208 | D:8      | Found an ornate altar of the Wu Jian Council.
  9514 | D:8      | Reached skill level 5 in Dodging
 10522 | D:9      | Found a blossoming altar of Fedhas.
 10838 | D:9      | Reached skill level 15 in Fighting
 10943 | D:9      | Found a white marble altar of Elyvilon.
 10992 | D:9      | Noticed Maggie
 11002 | D:9      | Killed Maggie
 11359 | D:9      | Found a bloodstained altar of Trog.
 11384 | D:9      | Found a shadowy altar of Dithmenos.
 11531 | D:10     | Entered Level 10 of the Dungeon
 11581 | D:10     | Killed an unseen horror
 11941 | D:10     | Noticed a gargoyle
 11952 | D:10     | Killed a gargoyle
 11953 | D:10     | Reached XP level 11. HP: 68/132 MP: 11/11
 12269 | D:10     | Found a staircase to the Lair.
 12543 | D:10     | Found a basalt altar of Yredelemnul.
 12872 | D:10     | Found a runed translucent door.
 12876 | D:10     | Found a runed translucent door.
 12879 | D:10     | Noticed a +3 dire flail of holy wrath
 12880 | D:10     | Noticed a necromancer
 12880 | D:10     | Noticed a lich
 12881 | D:10     | Noticed a manticore
 12882 | D:10     | Noticed micdi's ghost (novice DEAE)
 13361 | D:10     | Found a stormy altar of Qazlal.
 13573 | D:10     | Reached ***** piety under Trog
 13580 | D:10     | Killed a necromancer
 13580 | D:10     | HP: 10/202 [tengu conjurer simulacrum[a necromancer] (18)]
 13580 | D:10     | Mangled by a tengu conjurer simulacrum

Illustrated notes

Levels and vault maps discovered:
D:1:      lightli_arrival_boilingwater, layout_loops_corners,
          minmay_close_crescents
D:2:      layout_rooms, hellmonk_ecumenical_altar_blasted,
          minmay_strange_pillars, chequers_avenue, kennysheep_generic_room_7
D:3:      layout_loops_ring, minmay_pentomino_pile
D:4:      layout_basic, gammafunk_temple_overflow_forgotten, uniq_grinder
D:5:      layout_loops_ring, grunt_temple_overflow_lords_of_destruction,
          gammafunk_ghost_arena, minivault_25, kennysheep_decorative_pillar,
          nrook_pool_corridor
D:6:      layout_basic, minmay_temple_entry_slanted, grunt_decor_mini_mirrors,
          chequers_garden, kennysheep_flooded_box
D:7:      layout_basic, slow_altar_1
D:8:      layout_rooms, amcnicky_altar_gilded
D:9:      layout_gridville, lemuel_doored_altar,
          mainiacjoe_overflow_six_doors_small, mainiacjoe_overflow_two_lobes,
          corexii_leaking_fountain, uniq_maggie
D:10:     layout_irregular_city, nicolae_qazlal_eye_of_the_storm,
          mainiacjoe_overflow_concentric_impassable, david_lair_shrubbed,
          muffindrake_ghost_dual_entry

Skill      XL: |  1  2  3  4  5  6  7  8  9 10 |
---------------+-------------------------------+-----
Maces & Flails | 3 4 5 6 7 9 |  9.7
Fighting       | 5 6 8 9 10 12 13 15 | 15.7
Dodging        | 4 6 |  6.6

Action                   |  1- 3 |  4- 6 |  7- 9 | 10-12 || total
-------------------------+-------+-------+-------+-------++-------
Melee: Mace              |   105 |    95 |   206 |       ||   406
       Giant club        |       |       |    24 |   193 ||   217
Throw: Throwing net      |     1 |       |       |       ||     1
Invok: Berserk           |     1 |     4 |     9 |     9 ||    23
  Use: Scroll            |       |     7 |    11 |     3 ||    21
       Potion            |       |     4 |       |       ||     4
 Stab: Sleeping          |       |       |       |     1 ||     1
Armor: Animal skin       |    51 |    34 |    58 |    29 ||   172
       Steam dragon scal |       |       |       |    32 ||    32
Dodge: Dodged            |    79 |    59 |   141 |   147 ||   426

Table legend: (Time is in decaauts)
 A = Elapsed time spent in this place.
 B = Non-inter-level travel time spent in this place.
 C = Inter-level travel time spent in this place.
 D = Time resting spent in this place.
 E = Time spent auto-exploring this place.
 F = Levels seen in this place.
 G = Mean time per level.
                   A        B        C        D        E       F      G
               +--------+--------+--------+--------+--------+-----+--------+
         Total |  13874 |  13664 |    210 |   5134 |   7215 |  10 | 1387.4 |
       Dungeon |  13874 |  13664 |    210 |   5134 |   7215 |  10 | 1387.4 |
               +--------+--------+--------+--------+--------+-----+--------+

Top non-repeatable levels by time:
     D:5: 2198 daAuts
    D:10: 2086 daAuts
     D:4: 1573 daAuts
     D:7: 1469 daAuts
     D:9: 1253 daAuts
     D:8: 1184 daAuts
     D:1: 1051 daAuts
     D:6: 1023 daAuts
     D:2: 1017 daAuts
     D:3: 1016 daAuts
